 Dungeon Crawl Stone Soup version 0.31.0-11-ge490571c62 (webtiles) character file.

Game seed: 18061800687787489440

876 CraigForest the Cudgeller (level 8, -10/49 HPs)
             Began as a Gargoyle Fighter on Feb 4, 2024.
             Mangled by an ogre
             ... wielding a +0 giant club
              (30 damage)
             ... on level 5 of the Dungeon.
             The game lasted 00:15:40 (3212 turns).

CraigForest the Cudgeller (Gargoyle Fighter)        Turns: 3212, Time: 00:15:52

Health: -10/49     AC: 16    Str: 21    XL:     8   Next: 4%
Magic:  8/8        EV: 10    Int: 10    God:
Gold:   172        SH:  4    Dex:  9    Spells: 7/7 levels left

rFire   . . .        a - +0 flail
rCold   . . .        c - +0 buckler
rNeg    + . .        o - +3 ring mail
rPois   ∞            g - +0 helmet {SInv}
rElec   +            (no cloak)
rCorr   .            (no gloves)
SInv    +            (no boots)
Will    .....        (no amulet) Stlth
                     (no ring)
HPRegen 0.28/turn    (no ring)
MPRegen 0.11/turn

%: no passive effects
@: no status effects
A: sickness immunity, AC +5, negative energy resistance 1, electricity
resistance, torment resistance 1, petrification resistance
a: no special abilities


You were on level 5 of the Dungeon.
You visited 1 branch of the dungeon, and saw 5 of its levels.

You collected 260 gold pieces.
You spent 88 gold pieces at shops.

Inventory:

Hand Weapons
 a - a +0 flail (weapon)
 e - a +0 trident
Missiles
 s - 5 poisoned darts (quivered)
Armour
 b - a +0 scale mail
 c - a +0 buckler (worn)
 g - a +0 helmet of see invisible (worn)
 n - a +0 chain mail
 o - a +3 ring mail (worn)
 t - a +0 helmet
Wands
 q - a wand of paralysis (7)
 v - a wand of light (8)
 w - a wand of digging (6)
Scrolls
 f - 3 scrolls of revelation
 h - a scroll of fear {unknown}
 k - a scroll of poison {unknown}
 l - a scroll of silence {unknown}
 p - a scroll of brand weapon {unknown}
 u - a scroll of amnesia {unknown}
 x - a scroll of teleportation {unknown}
Potions
 d - 3 potions of might
 i - 5 potions of curing
 j - a potion of invisibility
 m - 2 potions of degeneration
 r - a potion of enlightenment


   Skills:
 + Level 5.2 Fighting
 + Level 6.5 Maces & Flails
 + Level 5.3 Armour
 - Level 0.2 Dodging
 + Level 4.7 Shields


You had 7 spell levels left.
You didn't know any spells.
Your spell library contained the following spells:

 Spells                   Type           Power      Damage    Failure   Level
 Static Discharge         Conj/Air       0%         3-3/arc   73%         2
 Airstrike                Air            0%         2d(0-16)  100%        4
 Summon Lightning Spire   Summ/Air       0%         N/A       100%        4


Dungeon Overview and Level Annotations

Branches:
Dungeon (5/15)
 Temple: D:4-7

Altars:
Nemelex Xobeh
Wu Jian
Zin

Shops:
D:3 !


Innate Abilities, Weirdness & Mutations

You are immune to sickness and miasma.
Your stone body is resilient. (AC +5)
You are immune to poison.
You resist negative energy. (rN+)
You are resistant to electric shocks. (rElec)
You are resistant to unholy torment.
You are immune to petrification.


Message History

The iguana attacks as it pursues you!
The iguana bites you but does no damage.
You block the hound's attack.
You hit the hound.
The hound is severely wounded.
You block the hound's attack.
The iguana hisses menacingly.
The iguana bites you but does no damage.
The hound attacks as it pursues you!
The hound bites you but does no damage. x2
The hound barely misses you.
You closely miss the hound.
The hound is heavily wounded.
The hound barely misses you. You block the hound's attack.
You barely miss the hound.
The hound is heavily wounded.
The hound bites you but does no damage. The hound closely misses you.
You thump the hound!
You kill the hound!
The iguana barely misses you.
You have reached level 8!
You feel clever.
The sentinel's mark upon you fades away.
The iguana attacks as it pursues you! The iguana closely misses you.
The iguana attacks as it pursues you! You block the iguana's attack.
The iguana attacks as it pursues you! The iguana bites you!
You sock the iguana!
The iguana is almost dead.
The iguana closely misses you.
You hit the iguana.
The iguana is almost dead.
The iguana bites you but does no damage.
You sock the iguana!
You kill the iguana!
Aiming: Paralyse
Press: ? - help, Q - select action, (/) - cycle Shift-Dir - straight line, f - ogre
Aim: an ogre, wielding a +0 giant club (chance to affect: 49%)
The ogre resists with some effort.
The ogre hits you with a +0 giant club!!
Ouch! That really hurt!
You die...

...'........#
#.#..#.#..#.# .#
####.......[#
#.#...#...#.#..#
#.>......#
..#...#...#....#
##'#######
.##.w.#...##..##
#...#
####....#....# #
###.#
#..###w#†..###
#.# #..w.....###
#.#####
##O#######
#.....# #@....#
#####.# #####.#
#.# #.# #.#
####.# #.#
#.##.#
#.#####.##.#
#..........#
############


You could see an ogre and a dart slug.

Vanquished Creatures
  Sigmund (D:2)
  A black bear (D:5)
  An ogre (D:5)
  2 scorpions
  2 hounds
  2 bombardier beetles
  An iguana (D:5)
  A sleepcap (D:5)
  Natasha (thrice) (D:3)
  3 gnolls (D:5)
  10 adders
  A dart slug (D:3)
  2 ribbon worms
  5 orcs
  2 endoplasms
  3 giant cockroaches
  4 goblins
  7 hobgoblins
  6 jackals
  3 quokkas
  4 ball pythons
  3 bats
  3 frilled lizards
  4 kobolds
  5 rats
79 creatures vanquished.

Notes
Turn   | Place    | Note
-------+----------+-------------------------------------------
     0 | D:1      | CraigForest the Gargoyle Fighter began the quest for the
                  | Orb.
     0 | D:1      | Reached XP level 1. HP: 14/14 MP: 1/1
   125 | D:1      | Found a faded altar of an unknown god.
   153 | D:1      | Reached XP level 2. HP: 19/19 MP: 2/2
   446 | D:2      | Reached XP level 3. HP: 21/24 MP: 3/3
   761 | D:2      | Reached XP level 4. HP: 29/29 MP: 4/4
   763 | D:2      | Noticed Sigmund
   772 | D:2      | Killed Sigmund
   773 | D:2      | Reached skill level 4 in Maces & Flails
   773 | D:2      | Reached XP level 5. HP: 15/33 MP: 5/5
   940 | D:2      | Found an ornate altar of the Wu Jian Council.
  1117 | D:3      | Noticed Natasha
  1129 | D:3      | Killed Natasha
  1130 | D:3      | Reached XP level 6. HP: 39/39 MP: 6/6
  1253 | D:3      | Found Budylow's Distillery.
  1261 | D:3      | Bought a potion of heal wounds for 55 gold pieces
  1261 | D:3      | Bought a potion of curing for 33 gold pieces
  1438 | D:3      | Noticed Natasha
  1445 | D:3      | Killed Natasha
  1770 | D:3      | Noticed Natasha
  1780 | D:3      | Killed Natasha
  1781 | D:3      | Reached skill level 5 in Maces & Flails
  2101 | D:4      | Reached XP level 7. HP: 39/44 MP: 7/7
  2574 | D:4      | Reached skill level 5 in Armour
  2738 | D:5      | Entered Level 5 of the Dungeon
  2792 | D:5      | Reached skill level 5 in Fighting
  2864 | D:5      | Found a glowing silver altar of Zin.
  2866 | D:5      | Found a sparkling altar of Nemelex Xobeh.
  2903 | D:5      | Reached skill level 6 in Maces & Flails
  3203 | D:5      | Reached XP level 8. HP: 28/49 MP: 8/8
  3212 | D:5      | Mangled by an ogre

Illustrated notes

Levels and vault maps discovered:
D:1:      lightli_arrival_windingriver, layout_rooms, basic_ecumenical_altar
D:2:      layout_loops_cross, basic_altar, serial_bayou_pond_d, uniq_sigmund
D:3:      layout_loops_ring, serial_shops, nicolae_square_shop,
          minmay_tree_intersection, minmay_stone_trees_medium,
          grunt_ministairs_1, uniq_natasha
D:4:      layout_cave_pods, hangedman_decor_riveting,
          hangedman_decor_clover_reticule
D:5:      layout_basic, nicolae_overflow_hidden_temple, minmay_puff

Skill      XL: |  1  2  3  4  5  6  7 |
---------------+----------------------+-----
Fighting       | 4 5 |  5.2
Maces & Flails | 4 5 6 |  6.5
Armour         | 4 5 |  5.3
Shields        | 4 |  4.7
Dodging        | |  0.2

Action                     |  1- 3 |  4- 6 |  7- 9 || total
---------------------------+-------+-------+-------++-------
  Melee: Flail             |   100 |   111 |   119 ||   330
  Evoke: Wand              |       |       |     1 ||     1
    Use: Scroll            |       |     1 |     3 ||     4
         Potion            |       |     1 |       ||     1
 Armour: Scale mail        |    84 |    30 |       ||   114
         Chain mail        |       |    47 |       ||    47
         Ring mail         |       |     2 |   102 ||   104
  Dodge: Dodged            |    65 |    32 |    68 ||   165
  Block: Buckler           |    31 |    16 |    30 ||    77
